 Dungeon Crawl Stone Soup version 0.25.1-2-g60ff931df9 (webtiles) character file.

Game seed: 8058983012147613854

840 lorenzova the Thaumaturge (level 7, 0/36 HPs)
             Began as a Deep Elf Conjurer on Aug 26, 2020.
             Slain by a bullfrog (3 damage)
             ... on level 6 of the Dungeon.
             The game lasted 00:10:38 (4953 turns).

lorenzova the Thaumaturge (Deep Elf Conjurer)       Turns: 4953, Time: 00:10:38

Health: 0/36       AC:  2    Str:  5    XL:     7   Next: 67%
Magic:  15/20      EV: 13    Int: 22    God:
Gold:   211        SH:  0    Dex: 15    Spells: 15/22 levels left

rFire    + . .     SeeInvis .   j - +1 dagger (elec)
rCold    + . .     Gourm    .   (no shield)
rNeg     . . .     Faith    .   a - +0 robe
rPois    .         Spirit   .   (no helmet)
rElec    .         Reflect  .   v - scarf {rC+ rF+}
rCorr    .         Harm     .   (no gloves)
MR       .....                  (no boots)
Stlth    +++.......             (no amulet)
HPRegen  0.12/turn              s - ring of stealth
MPRegen  0.17/turn              (no ring)

@: no status effects
A: no striking features
a: no special abilities


You were on level 6 of the Dungeon.
You were hungry.

You visited 1 branch of the dungeon, and saw 6 of its levels.

You collected 211 gold pieces.

Inventory:

Hand Weapons
 j - a +1 dagger of electrocution (weapon)
Armour
 a - a +0 robe (worn)
 v - a scarf of resistance (worn)
Jewellery
 s - a ring of stealth (left hand)
Wands
 r - a wand of enslavement (4)
 t - a wand of iceblast (10)
Scrolls
 b - 2 scrolls of remove curse
 d - 3 scrolls of enchant weapon
 e - a scroll of identify
 f - 2 scrolls of enchant armour {unknown}
 g - 2 scrolls of magic mapping {unknown}
 i - 2 scrolls of immolation {unknown}
 q - a scroll of teleportation {unknown}
 u - a scroll of fog {unknown}
Potions
 h - 2 potions of magic
 k - a potion of degeneration {unknown}
 l - a potion of haste {unknown}
 m - a potion of berserk rage {unknown}
 n - a potion of cancellation {unknown}
 o - a potion of flight
 p - a potion of heal wounds
Comestibles
 c - 7 rations


   Skills:
 - Level 2.4 Dodging
 - Level 2.4 Stealth
 * Level 8.2 Spellcasting
 * Level 7.8 Conjurations
 + Level 3.2 Hexes


You had 15 spell levels left.
You knew the following spells:

 Your Spells              Type           Power        Failure   Level  Hunger
a - Magic Dart            Conj           ####         1%          1    None
b - Searing Ray           Conj           #####.       1%          2    None
d - Fulminant Prism       Conj/Hex       ####......   8%          4    ###....

Your spell library contained the following spells:

 Spells                   Type           Power        Failure   Level  Hunger
 Dazzling Flash           Conj/Hex       ####..       2%          3    None
 Iskenderun's Mystic Bla  Conj/Tloc      ####....     14%         4    ###....


Dungeon Overview and Level Annotations

Branches:
Dungeon (6/15)
 Temple: D:4-7

Altars:
Nemelex Xobeh
Yredelemnul

Shops:
D:4 (

Annotations:
D:3 Grinder
D:4 Dowan, Duvessa


Message History

The leopard gecko completely misses you.
The bullfrog hits you.
* * * LOW HITPOINT WARNING * * *
You hit the leopard gecko.
The leopard gecko is moderately wounded.
The sentinel's mark upon you fades away.
The leopard gecko barely misses you. The leopard gecko bites you.
* * * LOW HITPOINT WARNING * * *
The leopard gecko closely misses you. The bullfrog barely misses you.
An orc comes into view. It is wielding a +0 dagger.
The leopard gecko closely misses you. x2
You hit the leopard gecko.
The leopard gecko is heavily wounded.
The bullfrog misses you. The leopard gecko bites you.
* * * LOW HITPOINT WARNING * * *
A jelly comes into view.
The leopard gecko bites you.
* * * LOW HITPOINT WARNING * * *
The bullfrog hits you.
You die...

#.....# #.....#
#.....# . #.....+
.. #.....# ...
#.....##### ....
#.....#...# .....
#.....#.@F#......
#.....#lll'o.....
#.....'ZZ.#J.....
#.....#...# .....
#.....#...# ....
#.....#...# ...
#<....##### ..
.......#####....
. ....... ....


You could see a bullfrog, a jelly, an orc, a centaur zombie, 3 leopard geckos
and a centaur skeleton.

Vanquished Creatures
  Eustachio (D:4)
  A phantom (D:6)
  2 scorpions (D:5)
  A crimson imp (D:5)
  An orc priest (D:4)
  2 hounds
  2 orc wizards
  An iguana (D:4)
  Ijyb (D:3)
  3 worker ants
  9 adders
  A shadow imp (D:5)
  5 oozes
  An adder zombie (D:5)
  An adder skeleton (D:5)
  2 worms
  3 dart slugs
  4 leopard geckos
  7 orcs
  A ball python (D:3)
  8 bats
  A giant cockroach (D:4)
  A goblin (D:1)
  4 hobgoblins
  6 jackals (D:2)
  5 frilled lizards
  10 kobolds
  9 rats
93 creatures vanquished.

Notes
Turn   | Place    | Note
-------+----------+-------------------------------------------
     0 | D:1      | lorenzova the Deep Elf Conjurer began the quest for the
                  | Orb.
     0 | D:1      | Reached XP level 1. HP: 10/10 MP: 6/6
   126 | D:1      | Reached XP level 2. HP: 13/15 MP: 2/8
   198 | D:1      | Learned a level 2 spell: Searing Ray
   480 | D:1      | Reached skill level 4 in Spellcasting
   678 | D:1      | Reached XP level 3. HP: 19/19 MP: 6/10
   732 | D:1      | Reached skill level 5 in Conjurations
  1316 | D:2      | Found a basalt altar of Yredelemnul.
  1332 | D:2      | Reached XP level 4. HP: 24/24 MP: 8/12
  1369 | D:2      | Found a sparkling altar of Nemelex Xobeh.
  1879 | D:2      | Reached skill level 5 in Spellcasting
  2098 | D:3      | Reached XP level 5. HP: 28/28 MP: 11/14
  2136 | D:3      | Noticed Ijyb
  2148 | D:3      | Killed Ijyb
  2230 | D:3      | Noticed Grinder
  2840 | D:3      | Reached skill level 6 in Spellcasting
  3388 | D:4      | Reached XP level 6. HP: 32/32 MP: 10/17
  3394 | D:4      | Learned a level 4 spell: Fulminant Prism
  3465 | D:4      | Found Savij's Weapon Boutique.
  3601 | D:4      | Noticed Duvessa
  3601 | D:4      | Noticed Dowan
  3666 | D:4      | Noticed Eustachio
  3677 | D:4      | Killed Eustachio
  3677 | D:4      | Reached skill level 7 in Spellcasting
  3677 | D:4      | Reached skill level 1 in Hexes
  3934 | D:5      | Entered Level 5 of the Dungeon
  3954 | D:5      | Reached XP level 7. HP: 36/36 MP: 16/19
  4943 | D:6      | Reached skill level 8 in Spellcasting
  4953 | D:6      | Slain by a bullfrog

Illustrated notes

Levels and vault maps discovered:
D:1:      saegor_arrival_under_anarchy, layout_basic
D:2:      layout_basic, yredelemnul_altar_generic, hex_large,
          chequers_serial_rivers_micro_c, nemelex_spade_bored_becter
D:3:      layout_basic, uniq_ijyb, uniq_grinder
D:4:      layout_cave_pools, serial_shops, kennysheep_little_box, first_ration,
          nrook_mini_backslash, dk_noncrumbling_3, led_xom_imps, uniq_eustachio,
          uniq_crazy_yiuf_cottage, uniq_duvessa, uniq_edmund
D:5:      layout_basic
D:6:      layout_gridville, minmay_temple_entry_gardened_gates

Skill      XL: |  1  2  3  4  5  6  7 |
---------------+----------------------+-----
Spellcasting   | 4 5 6 7 8 |  8.2
Conjurations   | 5 6 7 |  7.8
Hexes          | 2 3 |  3.2
Dodging        | |  2.4
Stealth        | |  2.4

Action                   |  1- 3 |  4- 6 |  7- 9 || total
-------------------------+-------+-------+-------++-------
Melee: Unarmed           |     1 |       |       ||     1
       Dagger            |       |     1 |     5 ||     6
 Cast: Magic Dart        |    72 |   106 |    31 ||   209
       Searing Ray       |       |     7 |     7 ||    14
  Use: Scroll            |       |     1 |     4 ||     5
 Stab: Sleeping          |       |     1 |       ||     1
  Eat: Chunk             |     1 |     8 |     2 ||    11
Armor: Robe              |     2 |     2 |     5 ||     9
Dodge: Dodged            |     8 |     6 |    22 ||    36
